 Dungeon Crawl Stone Soup version 0.27.0-65-ge2af304b15 (webtiles) character file.

Game seed: 4424324110872252239

7034 Spectrina the Unseen (level 10, -4/53 (54) HPs)
             Began as a Vampire Delver on Aug 19, 2021.
             Was a High Priest of Ru.
             Slain by an orc warrior (18 damage)
             ... in a bailey.
             The game lasted 00:57:42 (5583 turns).

Spectrina the Unseen (Vampire Delver)               Turns: 5583, Time: 00:57:42

HP:   -4/53 (54)    AC: 12    Str: 11      XL:     10   Next: 83%
MP:   1/10          EV: 11    Int:  7 (13) God:    Ru [*****.]
Gold: 674           SH:  5    Dex: 19      Spells: 9/9 levels left

rFire    + . .     SeeInvis +   a - +7 battleaxe (elec)
rCold    + + .     Faith    .   (shield currently unavailable)
rNeg     + + +     Spirit   .   Y - +0 steam dragon scales
rPois    ∞         Reflect  +   J - +0 helmet
rElec    .         Harm     .   n - +2 cloak
rCorr    .         Rampage  .   i - +1 pair of gloves
Will     +....                  t - +0 pair of boots
Stlth    +++++++++.             z - amulet of reflection
HPRegen  0.00/turn              O - ring of protection from fire
MPRegen  0.12/turn              (no ring)

@: exhausted, bloodless, inhibited regen, lightly drained
A: bloodless, fangs 3, see invisible, inability to use devices, inability to
train dodging, inability to train armour, vampiric 2
a: Bat Form, Revivify, Renounce Religion, Draw Out Power, Power Leap, Apocalypse


You were in a bailey.
You worshipped Ru.
Ru was extremely pleased with you.
You visited 1 branch of the dungeon, and saw 13 of its levels.
You also visited: Sewer, Ossuary and Bailey.

You collected 674 gold pieces.

Inventory:

Hand Weapons
 a - a +7 battleaxe of electrocution (weapon)
 b - a +0 dagger
 l - a +0 arbalest
 u - a +0 falchion
 v - a +1 long sword of draining
 w - a +3 morningstar of freezing
 x - a +2 short sword of draining
 A - a +1 antimagic spear
 K - a +1 vorpal morningstar
 L - a +2 antimagic dagger
 S - a +1 short sword of protection
 U - a +0 whip of electrocution
 V - a +0 antimagic club
 W - a +0 short sword
Missiles
 j - 248 stones
 k - 127 bolts
 m - 81 arrows
 p - 38 sling bullets
 y - 30 poisoned darts
 D - 54 boomerangs
 M - 2 javelins (quivered)
 P - 6 curare-tipped darts
Armour
 e - a +0 leather armour
 i - a +1 pair of gloves (worn)
 n - a +2 cloak (worn)
 t - a +0 pair of boots (worn)
 J - a +0 helmet (worn)
 Y - +0 steam dragon scales (worn)
Jewellery
 h - an amulet of magic regeneration
 z - an amulet of reflection (around neck)
 O - a ring of protection from fire (left hand)
Scrolls
 c - 2 scrolls of fog
 d - 2 scrolls of magic mapping
 q - a scroll of holy word
 B - a scroll of brand weapon
 E - a scroll of amnesia
 N - 5 scrolls of teleportation
 R - a scroll of blinking
 X - a scroll of silence
Potions
 f - 2 potions of haste
 g - 2 potions of invisibility
 o - 3 potions of lignification
 r - a potion of berserk rage
 s - a potion of resistance {unknown}
 C - a potion of mutation {unknown}
 F - 2 potions of curing
 G - 4 potions of brilliance
 H - 4 potions of heal wounds
 I - 2 potions of flight {unknown}
 Q - 2 potions of ambrosia {unknown}
 T - 2 potions of cancellation {unknown}


   Skills:
 - Level 2.6 Fighting
 - Level 2.1 Short Blades
 + Level 8.8(9.0) Axes
 - Level 2.1(5.5) Maces & Flails
 - Level 18.0 Stealth


You had 9 spell levels left.
You didn't know any spells.
Your spell library contained the following spells:

 Spells                   Type           Power      Damage    Failure   Level
 Sandblast                Erth           0%         2d4       43%         1
 Passwall                 Tmut/Erth      0%         N/A       56%         2
 Wereblood                Tmut           0%         N/A       56%         2
 Ignite Poison            Fire/Tmut/Pois 0%         N/A       80%         3
 Mephitic Cloud           Conj/Pois/Air  0%         N/A       80%         3
 Bolt of Magma            Conj/Fire/Erth 0%         4d4       100%        5
 Lee's Rapid Deconstruct  Erth           0%         3d5*      100%        5
 Summon Hydra             Summ           0%         N/A       100%        7
 Sublimation of Blood     Necr           Unusable   N/A       N/A         2

Dungeon Overview and Level Annotations

Branches:
Dungeon (12/15)            Temple (0/1) D:4           Sewer (visited)
Ossuary (visited)          Bailey (1/1)
   Lair: D:8-11         Orc: D:9-12

Altars:
Dithmenos
Fedhas
Gozag
Nemelex Xobeh
Okawaru
Qazlal
Ru
Trog
Vehumet
Xom

Annotations:
D:3 2 runed translucent doors, Harkinian2's ghost, amateur HOAK


Innate Abilities, Weirdness & Mutations

You do not regenerate when monsters are visible.
You are frail without blood (-20% HP).
You can heal yourself when you bite living creatures.
You are immune to poison.
You have razor-sharp teeth.
You have supernaturally acute eyesight. (SInv)
You cannot study or use magical devices.
You cannot train Dodging skill.
You cannot train Armour skill.
You are afflicted with vampirism and can become a bat while bloodless.


Message History

You don't have enough magic at the moment.
Why would you want to do that?
You don't have enough magic at the moment.
All monsters which could be auto-targeted are covered by a wall or statue which interrupts your line of fire, even though it doesn't interrupt your line of sight.
Aiming: Power Leap
Press: ? - help, Dir - move target Unknown command.
Okay, then.
Okay, then.
There is an open door here.
You open the door. 4 goblins, an orc, 2 orc warriors and an orc knight come into view.
Unknown command.
Unknown command.
A goblin and a hobgoblin come into view.
Found a runed leather armour and a scroll labelled FYQOAR JOATTILAF.
There is an open door here.
Unknown command.
The orc knight shouts!
The goblin shouts!
The hobgoblin shouts!
The orc warrior shouts!
The hobgoblin shouts!
You hear a shout!
The orc warrior shouts!
The goblin shouts! x2; You hear a shout!
The orc knight hits you with a +0 war axe!!
* * * LOW HITPOINT WARNING * * *
Unknown command.
You redirect the orc warrior's attack!
The orc warrior hits the goblin with a +0 battleaxe!
The goblin dies!
You block the orc warrior's attack.
A hobgoblin comes into view. It is wielding a +0 hand axe.
You redirect the orc knight's attack!
There is an open door here.
Unknown command.
You're too exhausted to draw out your power.
An orc comes into view. It is wielding a +0 war axe.
The orc knight roars a battlecry!
The orcs go into a battle-frenzy!
Unknown command.
There is an open door here.
The orc warrior hits you with a +0 battleaxe!!
You die...

#...).8g....#
#gg.# ##o##
#..g# #.o.#
#...#
######g######
#....≈o≈†...#
#'###≈@≈###'#
#^...≈.≈†...#
#'###≈.≈###'#
#....≈.≈....#
#'###≈.≈###'#
#.†..≈.≈÷...#
#'###≈.≈###'#
#.†..≈)≈†..^#
#'###≈)≈###'#


You could see an orc knight, 2 orc warriors, 3 hobgoblins and a goblin.

Vanquished Creatures
  2 two-headed ogres
  Sonja (D:10)
  An ugly thing (D:10)
  2 gargoyles
  4 yaktaurs (D:10)
  A wraith (D:12)
  A steam dragon (D:7)
  2 water moccasins
  3 orc warriors
  2 sky beasts
  2 ogres
  2 necrophages
  A kobold brigand (D:6)
  A scorpion (D:5)
  2 bullfrogs
  5 water moccasin zombies (Ossuary)
  A killer bee (D:9)
  5 wights (D:7)
  2 electric eels (D:4)
  4 howler monkeys
  2 centaur zombies
  5 hounds
  2 orc priests
  A jelly (D:6)
  A gnoll shaman (D:9)
  An iguana (D:5)
  Ijyb (D:5)
  Natasha (D:2)
  An orc wizard (D:6)
  A hound skeleton (D:5)
  2 mummies (Ossuary)
  A howler monkey zombie (D:7)
  Robin (D:3)
  6 gnolls
  2 adders
  A shadow imp (D:5)
  A white imp (D:6)
  7 adder zombies (Ossuary)
  3 worms
  2 dart slugs
  23 orcs
  2 ball pythons (D:1)
  6 endoplasms
  5 giant cockroaches
  2 gnoll zombies (Ossuary)
  17 goblins
  5 hobgoblins
  A jackal (D:2)
  3 quokkas
  6 bats
  4 frilled lizards (D:1)
  A goblin zombie (D:8)
  9 hobgoblin zombies (Ossuary)
  22 kobolds
  7 kobold zombies (Ossuary)
  3 orc zombies (Ossuary)
  2 rats (D:2)
  A rat zombie (D:8)
205 creatures vanquished.

Vanquished Creatures (others)
  Maggie (D:7)
  A gnoll (Bailey)
  An orc (D:9)
  2 goblins
  A jackal (D:2)
  2 kobolds (Bailey)
  A plant (D:4)
9 creatures vanquished.

Grand Total: 214 creatures vanquished

Notes
Turn   | Place    | Note
-------+----------+-------------------------------------------
     0 | D:5      | Spectrina the Vampire Delver began the quest for the Orb.
     0 | D:5      | Reached XP level 1. HP: 17/17 MP: 1/1
    18 | D:6      | Noticed an orc wizard
    97 | D:5      | Found a large runed translucent door.
    98 | D:5      | Found a large runed translucent door.
   140 | D:5      | Reached XP level 2. HP: 16/18 MP: 2/2
   147 | D:5      | Reached skill level 8 in Stealth
   198 | D:5      | Noticed a howler monkey
   203 | D:5      | Killed a howler monkey
   204 | D:5      | Reached skill level 9 in Stealth
   204 | D:5      | Gained mutation: You are afflicted with vampirism and can
                  | become a bat while bloodless. [Vampire growth]
   204 | D:5      | Reached XP level 3. HP: 22/22 MP: 3/3
   209 | D:5      | Reached XP level 4. HP: 27/27 MP: 4/4
   235 | D:5      | Found a sacrificial altar of Ru.
   244 | D:5      | Became a worshipper of Ru the Awakened
   305 | D:6      | Reached skill level 10 in Stealth
   349 | D:6      | Reached XP level 5. HP: 31/31 MP: 5/5
   375 | D:6      | Reached skill level 11 in Stealth
   586 | D:6      | Found a glowing drain.
   590 | Sewer    | Entered a sewer
   672 | Sewer    | Noticed a water moccasin
   687 | Sewer    | Killed a water moccasin
   688 | Sewer    | Reached skill level 12 in Stealth
   688 | Sewer    | Reached XP level 6. HP: 30/41 MP: 6/6
   811 | D:7      | Reached skill level 13 in Stealth
   814 | D:7      | Reached XP level 7. HP: 20/35 MP: 7/7
   814 | D:7      | Found an iron altar of Okawaru.
   827 | D:7      | Noticed a steam dragon
   829 | D:7      | Killed a steam dragon
   835 | D:7      | Reached skill level 14 in Stealth
  1055 | D:7      | Reached skill level 15 in Stealth
  1375 | D:8      | Gained mutation: You cannot train Dodging skill. [Ru
                  | sacrifice]
  1375 | D:8      | Reached * piety under Ru
  1453 | D:8      | Reached XP level 8. HP: 37/45 MP: 8/8
  1469 | D:8      | Found a sand-covered staircase.
  1489 | D:8      | HP: 1/45 [wight (10)]
  1543 | Ossuary  | Entered an ossuary
  1624 | Ossuary  | Reached skill level 1 in Evocations
  2242 | D:5      | HP: 1/39 [necrophage (6)]
  2308 | D:5      | Noticed Ijyb
  2315 | D:5      | Killed Ijyb
  2423 | D:4      | Reached skill level 16 in Stealth
  2426 | D:4      | Found a staircase to the Ecumenical Temple.
  2472 | D:4      | Found a blossoming altar of Fedhas.
  2473 | D:4      | Found a radiant altar of Vehumet.
  2583 | D:4      | Found a transporter.
  2628 | D:4      | Found a transporter.
  2807 | D:3      | Found a large runed translucent door.
  2807 | D:3      | Found a large runed translucent door.
  2849 | D:3      | Noticed Robin
  2872 | D:3      | Killed Robin
  2901 | D:3      | Noticed Harkinian2's ghost (amateur HOAK)
  2965 | D:2      | Gained mutation: You cannot train Armour skill. [Ru
                  | sacrifice]
  2965 | D:2      | Reached ** piety under Ru
  2965 | D:2      | Reached *** piety under Ru
  3642 | D:2      | Noticed Natasha
  3654 | D:2      | Killed Natasha
  3756 | D:4      | Found a bloodstained altar of Trog.
  3894 | D:5      | Reached skill level 5 in Evocations
  3946 | D:5      | Found a shimmering altar of Xom.
  3967 | D:5      | Reached skill level 1 in Maces & Flails
  3967 | D:5      | Reached XP level 9. HP: 37/48 MP: 3/9
  3978 | D:5      | Found a shadowy altar of Dithmenos.
  4125 | D:7      | Reached skill level 1 in Axes
  4174 | D:7      | Noticed Maggie
  4239 | D:7      | Killed Maggie
  4311 | D:8      | Found a sparkling altar of Nemelex Xobeh.
  4311 | D:8      | Found an opulent altar of Gozag.
  4364 | D:10     | Entered Level 10 of the Dungeon
  4380 | D:10     | Noticed a yaktaur
  4483 | D:9      | Found a stormy altar of Qazlal.
  4556 | D:9      | Gained mutation: You cannot study or use magical devices.
                  | [Ru sacrifice]
  4556 | D:9      | Reached **** piety under Ru
  4556 | D:9      | Reached ***** piety under Ru
  4580 | D:9      | Noticed a two-headed ogre
  4584 | D:9      | Killed a two-headed ogre
  4585 | D:9      | Reached skill level 5 in Axes
  4758 | D:10     | Noticed Sonja
  4788 | D:10     | Killed Sonja
  4789 | D:10     | Reached skill level 17 in Stealth
  4789 | D:10     | Reached XP level 10. HP: 41/54 MP: 10/10
  4814 | D:10     | Noticed a four-headed hydra
  4959 | D:11     | Noticed a brown ugly thing
  5003 | D:10     | Noticed a gargoyle
  5008 | D:10     | Noticed a gargoyle
  5027 | D:10     | Killed a gargoyle
  5112 | D:10     | Noticed a green ugly thing
  5119 | D:10     | Killed a green ugly thing
  5139 | D:10     | Reached skill level 18 in Stealth
  5236 | D:12     | Noticed a two-headed ogre
  5238 | D:12     | Killed a two-headed ogre
  5291 | D:12     | Noticed a gargoyle
  5293 | D:12     | Killed a gargoyle
  5318 | D:12     | You fall into a shaft and drop 1 floor!
  5318 | D:13     | Found a flagged portal.
  5332 | Bailey   | Entered a bailey
  5574 | Bailey   | Noticed an orc knight
  5583 | Bailey   | Slain by an orc warrior

Illustrated notes

Levels and vault maps discovered:
D:1:      minmay_arrival_three_doors, layout_loops_ring
D:2:      layout_loops_cross, amcnicky_mini_pool_small, uniq_natasha,
          uniq_jessica
D:3:      layout_loops_ring, hellmonk_ecumenical_altar_defaced_shrine,
          ebering_ghost_disaster_area, uniq_sigmund, uniq_crazy_yiuf_cottage,
          uniq_robin
D:4:      gammafunk_steamed_eel, layout_basic, trog_antimagical, bloody_makhleb,
          gammafunk_temple_overflow_statue, minmay_temple_entry_antechambers
D:5:      layout_loops_cross, lemuel_round_altar, jmf_multi_god_temple2,
          minmay_diced_spiral, uniq_ijyb
D:6:      layout_loops_cross, gup_sewer_entry_bowl, fountainhead,
          kennysheep_generic_room_10
D:7:      minmay_skewed_foursquare, layout_rooms,
          mainiacjoe_overflow_concentric_impassable, uniq_maggie
D:8:      layout_loops_ring, grunt_temple_overflow_opulence, enter_ossuary_4,
          nrook_campfire, hangedman_abyss_or_decor_stagger,
          kennysheep_small_spiral
D:9:      layout_irregular_city, nicolae_qazlal_general_emergency, serial_shops,
          nicolae_shop_waterfront
D:10:     layout_cave_pods, erik_lair_island, uniq_sonja
D:11:     layout_basic, feat_on_display
D:12:     layout_loops_corners, orc_0_dummy, kennysheep_just_a_vault,
          uniq_psyche
D:13:     layout_loops_ring, enter_bailey_2, kennysheep_generic_room_7
Bailey:   bailey_axe_1, bailey

Skill      XL: |  1  2  3  4  5  6  7  8  9 10 |
---------------+-------------------------------+-----
Stealth        | 9 10 12 13 15 16 17 18 | 18.0
Dodging        | 0 |  0.0
Evocations     | 5 0 |  0.0
Maces & Flails | 1 2 |  2.1
Axes           | 5 8 |  8.8
Fighting       | |  2.6
Short Blades   | |  2.1

Action                   |  1- 3 |  4- 6 |  7- 9 | 10-12 || total
-------------------------+-------+-------+-------+-------++-------
Melee: Short sword       |    18 |    84 |   456 |       ||   558
       Bite              |     1 |     4 |    48 |     5 ||    58
       Long sword        |       |       |    12 |       ||    12
       Morningstar       |       |       |    12 |       ||    12
       Whip              |       |       |    48 |       ||    48
       Dagger            |       |       |    23 |     7 ||    30
       Falchion          |       |       |     3 |       ||     3
       Battleaxe         |       |       |    50 |    29 ||    79
 Fire: Arbalest          |       |     5 |       |       ||     5
Throw: Javelin           |       |       |     2 |     4 ||     6
       Stone             |       |       |     1 |       ||     1
       Dart              |       |       |     9 |       ||     9
Invok: Sacrifice Nimblen |       |       |     1 |       ||     1
       Draw Out Power    |       |       |     9 |     3 ||    12
       Sacrifice Durabil |       |       |     1 |       ||     1
       Sacrifice Artific |       |       |     1 |       ||     1
       Power Leap        |       |       |       |     6 ||     6
 Abil: Exsanguinate      |     1 |     1 |     1 |       ||     3
       Revivify          |       |     1 |     1 |       ||     2
       End Transformatio |       |       |     4 |       ||     4
       Bat Form          |       |       |     4 |       ||     4
Evoke: Wand              |       |       |     6 |       ||     6
  Use: Potion            |       |     1 |     4 |       ||     5
       Scroll            |       |       |    16 |     3 ||    19
 Stab: Sleeping          |     2 |    10 |    58 |     7 ||    77
       Distracted        |       |       |     5 |     1 ||     6
       Invisible         |       |       |     4 |     2 ||     6
       Paralysed         |       |       |     2 |     2 ||     4
Armor: Leather armour    |    11 |    37 |   192 |       ||   240
       Steam dragon scal |       |       |    25 |    38 ||    63
Dodge: Dodged            |     6 |    89 |   274 |    67 ||   436
Block: Other             |       |       |    75 |    34 ||   109
       Reflection        |       |       |     1 |    29 ||    30
       Rpst.: Long sword |       |       |     2 |       ||     2
